 Dungeon Crawl Stone Soup version 0.26.1-11-gd32895ea62 (webtiles) character file.

Game seed: 17702023489951584069

32 manyhoops the Ruffian (level 3, -1/31 HPs)
             Began as a Palentonga Transmuter on Apr 24, 2021.
             Slain by a gnoll
             ... wielding a +0 spear
              (7 damage)
             ... on level 2 of the Dungeon.
             The game lasted 00:01:48 (1162 turns).

manyhoops the Ruffian (Palentonga Transmuter)       Turns: 1162, Time: 00:01:49

Health: -1/31      AC:  4    Str: 14    XL:     3   Next: 8%
Magic:  6/6        EV: 10    Int: 13    God:
Gold:   57         SH:  0    Dex: 10    Spells: 3/6 levels left

rFire    . . .     SeeInvis +     - Unarmed
rCold    . . .     Faith    .   (no shield)
rNeg     . . .     Spirit   .   a - +0 robe
rPois    .         Reflect  .   (no helmet)
rElec    .         Harm     .   (no cloak)
rCorr    +         Rampage  .   (no gloves)
Will     .....                  (no barding)
Stlth    +.........             (no amulet)
HPRegen  0.10/turn              h - ring of resist corrosion
MPRegen  0.10/turn              (no ring)

@: no status effects
A: large, rugged brown scales 3, see invisible, deformed body, roll 1, armoured
tail
a: Rolling Charge


You were on level 2 of the Dungeon.
You visited 1 branch of the dungeon, and saw 2 of its levels.

You collected 57 gold pieces.

Inventory:

Armour
 a - a +0 robe (worn)
Jewellery
 b - an uncursed amulet of magic regeneration {unknown}
 h - a ring of resist corrosion (left hand)
Scrolls
 c - a scroll of remove curse {unknown}
 d - 2 scrolls of identify {unknown}
 i - a scroll of teleportation {unknown}
Potions
 e - 2 potions of attraction {unknown}
 f - a potion of degeneration {unknown}
 g - 2 potions of curing {unknown}


   Skills:
 * Level 1.7 Fighting
 - Level 1.5 Dodging
 + Level 3.9 Unarmed Combat
 - Level 2.0 Spellcasting
 - Level 2.0 Transmutations


You had 3 spell levels left.
You knew the following spells:

 Your Spells              Type           Power        Failure   Level
a - Beastly Appendage     Tmut           12%          11%         1
b - Wereblood             Tmut           6%           17%         2

Your spell library contained the following spells:

 Spells                   Type           Power        Failure   Level
 Spider Form              Tmut/Pois      1%           45%         3
 Ice Form                 Ice/Tmut       3%           86%         4
 Blade Hands              Tmut           3%           97%         5


Dungeon Overview and Level Annotations

Branches:
Dungeon (2/15)

Altars:


Innate Abilities, Weirdness & Mutations

You are completely covered in rugged brown scales. (AC +3, +7% HP)
You have supernaturally acute eyesight. (SInv)
Armour fits poorly on your strangely shaped body.
You can roll at nearby foes to attack.
You have a long armoured tail.


Message History

The gnoll shouts!
A gnoll comes into view. It is wielding a +0 club.
Okay, then.
h - a ring of resist corrosion (left hand)
A gnoll comes into view. It is wielding a +0 halberd.
You start putting on your amulet.
You continue putting on your dented fluorescent amulet.
The gnoll hits you from afar with a +0 spear.
Keep equipping yourself? [Y]es or [N]o only, please.
Keep equipping yourself?
You continue putting on your dented fluorescent amulet.
The gnoll shouts!
The gnoll hits you from afar with a +0 spear.
* * * LOW HITPOINT WARNING * * *
You continue putting on your dented fluorescent amulet.
The gnoll barely misses you.
You continue putting on your dented fluorescent amulet.
The gnoll hits you from afar with a +0 spear!
You die...

.....g.......##.#######.....#
......)g(.((.##.# #.#..##
................# #.#.##
####....g....#### #.#.#
#####..)..# #.#.# ###.....#
..#.# #......g# ######.###
#.#.....# #....#....
#.#....@# #.##.##### #
#.....# #.#...#... #.....#
#.#.###.## ####### #.........
#####.#.## #.....#.##
###.#####.## #.......#.##
#.#.###.#.##


You could see 3 gnolls.

Vanquished Creatures
  A gnoll (D:2)
  A dart slug (D:1)
  A ball python (D:1)
  2 bats (D:1)
  A giant cockroach (D:1)
  A hobgoblin (D:2)
  4 jackals (D:1)
  2 kobolds (D:2)
  2 frilled lizards (D:2)
  3 rats
18 creatures vanquished.

Notes
Turn   | Place    | Note
-------+----------+-------------------------------------------
     0 | D:1      | manyhoops the Palentonga Transmuter began the quest for the
                  | Orb.
     0 | D:1      | Reached XP level 1. HP: 17/17 MP: 3/3
   420 | D:1      | Reached XP level 2. HP: 23/24 MP: 3/5
   959 | D:2      | Learned a level 2 spell: Wereblood
  1134 | D:2      | Reached XP level 3. HP: 13/31 MP: 6/6
  1162 | D:2      | Slain by a gnoll

Illustrated notes

Levels and vault maps discovered:
D:1:      matt_arrival_refuge, layout_loops_ring
D:2:      layout_basic, hangedman_decor_opposing, serial_park_tiny_1

Action                   || total
-------------------------++-------
Melee: Unarmed           ||    50
       Kick              ||     9
       Headbutt          ||     4
       Tailslap          ||     2
 Cast: Beastly Appendage ||    11
 Stab: Sleeping          ||     1
Armor: Robe              ||    16
Dodge: Dodged            ||    24
